 Dungeon Sprint DCSS version 0.19-a0-1401-g902f63d (webtiles) character file.

52 poirepourri the Fighter (level 7, -1/56 HPs)
             Began as a Gargoyle Fighter on Sept 4, 2016.
             Was a Believer of Cheibriados.
             Slain by a fire elemental (6 damage)
             ... in the Dungeon (Sprint VI: "Thunderdome").
             The game lasted 00:02:25 (323 turns).

poirepourri the Fighter (Gargoyle Fighter)           Turns: 323, Time: 00:02:26

Health: -1/56      AC: 11    Str: 32    XL:     7   Next: 21%
Magic:  7/7        EV: 11    Int: 14    God:    Cheibriados [**....]
Gold:   225        SH: 11    Dex: 16    Spells: 0 memorised, 6 levels left

rFire  . . .     SeeInvis .     a - +0 flail
rCold  . . .     Gourm    .     b - +0 scale mail
rNeg   + . .     Faith    .     c - +0 shield
rPois  ∞         Spirit   .     (no helmet)
rElec  +         Dismiss  .     (no cloak)
rCorr  .         Reflect  .     (no gloves)
MR     .....     Harm     .     (no boots)
Stlth  .......... NoTele   +    (no amulet)
                                (no ring)
                                (no ring)

@: mighty, liquid flames, glowing, very slow
A: negative energy resistance 1, electricity resistance, unbreathing,
petrification resistance, rot immunity, AC +4
a: Bend Time, Renounce Religion


You were in the Dungeon.
You worshipped Cheibriados.
Cheibriados was pleased with you.
You were not hungry.

You visited 1 branch You collected 330 gold pieces.
You spent 105 gold pieces at shops.

Inventory:

Hand Weapons
 a - a +0 flail (weapon)
Armour
 b - a +0 scale mail (worn)
 c - a +0 shield (worn)
Wands
 m - a wand of acid (5/15)
 n - a wand of iceblast (3/15)
Scrolls
 k - 4 scrolls of blinking
 o - 3 scrolls of fog
Potions
 e - a potion of curing
 g - 4 potions of heal wounds
 h - 4 potions of haste
 i - 2 potions of magic
 j - a potion of berserk rage
Comestibles
 f - a bread ration


   Skills:
 + Level 12.2 Fighting
 + Level 8.4 Maces & Flails
 - Level 3.2 Armour
 + Level 4.8 Dodging
 - Level 3.2 Shields


You had 6 spell levels left.
You didn't know any spells.

Dungeon Overview and Level Annotations

Branches:
Dungeon (1/1)

Altars:
Cheibriados
Dithmenos
Fedhas
Gozag
Kikubaaqudgha
Makhleb
Okawaru
Qazlal
Ru
Sif Muna
Trog
Uskayaw
Vehumet
Xom
Yredelemnul
Zin
The Shining One
Beogh
Jiyva
Lugonu

Shops:
D *[%??*?*:[((!!!!


Innate Abilities, Weirdness & Mutations

You are resistant to torment.
Your stone body is resilient. (AC +4)
You are immune to poison.
You resist negative energy. (rN+)
You are resistant to electric shocks. (rElec)
You can survive without breathing.
You are immune to petrification.
You are immune to rotting.


Message History

You closely miss the mottled dragon.
The mottled dragon is lightly wounded.
You block the fire elemental's attack.
The mottled dragon breathes sticky fire at you.
The sticky flame hits you!
You are covered in liquid flames!
The fire elemental barely misses you.
You barely miss the mottled dragon.
The mottled dragon is lightly wounded.
You are covered in liquid flames!
The fire elemental hits you. The fire elemental burns you!
* * * LOW HITPOINT WARNING * * *
The mottled dragon breathes sticky fire at you.
The sticky flame hits you!
You are covered in liquid flames!
* * * LOW HITPOINT WARNING * * *
You are covered in liquid flames!
* * * LOW HITPOINT WARNING * * *
The fire elemental hits you. The fire elemental burns you!
You die...

....###......___∩##
..8.# #.8........∩###
....###....†........##
.###...###..........⌠#
.# #.<.# #..........⌠#
.###...###..........⌠#
....###........§....##
..8.# #.8.......ED###
....###......___@##
8.........8.######
.†.........⌠#
#.........###
#_......._#
#_........#
#_......._#
#∩.......∩#
##∩.....∩##


You could see a fire elemental and a mottled dragon.

Vanquished Creatures
  Sigmund (D)
  A fire elemental (D)
  2 necrophages (D)
  A hell rat (D)
  A river rat (D)
  A shadow imp (D)
  A giant cockroach (D)
  2 giant cockroach zombies (D)
  A giant newt (D)
11 creatures vanquished.

Notes
Turn   | Place    | Note
-------+----------+-------------------------------------------
     0 | D        | poirepourri the Gargoyle Fighter began the quest for the Orb.
     0 | D        | Reached XP level 1. HP: 14/14 MP: 1/1
     1 | D        | Found a corrupted altar of Lugonu.
     5 | D        | Found an opulent altar of Gozag.
     5 | D        | Round 1.
     6 | D        | Found a roughly hewn altar of Beogh.
     6 | D        | Found a shadowy altar of Dithmenos.
     7 | D        | Found a glowing silver altar of Zin.
     7 | D        | Found a shimmering altar of Xom.
     8 | D        | Found Serar's Distillery.
     8 | D        | Found a stormy altar of Qazlal.
     8 | D        | Found a blossoming altar of Fedhas.
     8 | D        | Found Citogul's Do-It-Yourself Clinic.
     9 | D        | Found Wyhat's Distillery.
     9 | D        | Found Nekkom's Bottled Wisdom.
    34 | D        | Bought 3 potions of heal wounds for 105 gold pieces
    39 | D        | Found a hide-covered altar of Uskayaw.
    41 | D        | Found a viscous altar of Jiyva.
    43 | D        | Found Lynt's Weapon Rack.
    45 | D        | Found Cavvufal's Basic Armour.
    45 | D        | Found Asmef's Miscellaneous Merchandise.
    47 | D        | Noticed a necrophage
    49 | D        | Found a glowing golden altar of the Shining One.
    49 | D        | Found a radiant altar of Vehumet.
    49 | D        | Found Xizuesk's Premium Goods.
    55 | D        | Found a basalt altar of Yredelemnul.
    57 | D        | Noticed a phantom
    58 | D        | Noticed a necrophage
    61 | D        | Killed a necrophage
    61 | D        | Reached skill level 8 in Fighting
    61 | D        | Reached skill level 1 in Dodging
    61 | D        | Reached XP level 2. HP: 14/25 MP: 2/2
    61 | D        | Reached XP level 3. HP: 16/29 MP: 3/3
    61 | D        | Reached XP level 4. HP: 19/35 MP: 4/4
    79 | D        | Killed a necrophage
    79 | D        | Reached skill level 9 in Fighting
    79 | D        | Reached XP level 5. HP: 10/42 MP: 5/5
    83 | D        | Found a bloodstained altar of Trog.
    83 | D        | Found Retirgh's Identification Station.
    83 | D        | Found Biarr's Advanced Armour.
    84 | D        | Found Fuzim's Jewellery.
    87 | D        | Arena points: 5 (+5) [x1]
    91 | D        | Found a deep blue altar of Sif Muna.
    91 | D        | Found an iron altar of Okawaru.
    91 | D        | Found Lapp's Bee Food.
    95 | D        | Found an ancient bone altar of Kikubaaqudgha.
    99 | D        | Found a sacrificial altar of Ru.
   100 | D        | Found a burning altar of Makhleb.
   102 | D        | Round 2.
   103 | D        | Found Eplunwat's Magic Scroll Shop.
   104 | D        | Found a snail-covered altar of Cheibriados.
   104 | D        | Found Sesuipek's Staff Store.
   105 | D        | Found Vuqacrut's Magic Scroll Shop.
   105 | D        | Found Ukutir's Must-Have Magic.
   111 | D        | Noticed Sigmund
   118 | D        | Became a worshipper of Cheibriados the Contemplative
   133 | D        | Killed Sigmund
   133 | D        | Reached * piety under Cheibriados
   133 | D        | Reached skill level 11 in Fighting
   133 | D        | Reached XP level 6. HP: 37/49 MP: 6/6
   146 | D        | Reached ** piety under Cheibriados
   159 | D        | Arena points: 25 (+20) [x2]
   169 | D        | Round 3.
   217 | D        | Noticed a hippogriff
   218 | D        | Arena points: 52 (+27) [x3]
   233 | D        | Round 4.
   276 | D        | Noticed a fire elemental
   296 | D        | Killed a fire elemental
   296 | D        | Reached skill level 12 in Fighting
   296 | D        | Reached XP level 7. HP: 18/56 MP: 7/7
   306 | D        | Noticed a fire elemental
   310 | D        | Noticed a mottled dragon
   323 | D        | Slain by a fire elemental

Vault maps used:
D:        arena_sprint

Skill      XL: |  1  2  3  4  5  6 |
---------------+-------------------+-----
Fighting       | 8 9 11 12 | 12.2
Maces & Flails | 4 6 7 8 |  8.4
Dodging        | 1 2 3 4 |  4.8
Armour         | |  3.2
Shields        | |  3.2

Action                   |  1- 3 |  4- 6 |  7- 9 || total
-------------------------+-------+-------+-------++-------
Melee: Flail             |     8 |    68 |     9 ||    85
Evoke: Wand              |       |       |     2 ||     2
  Use: Potion            |       |     2 |     3 ||     5
Armor: Scale mail        |     5 |    29 |     9 ||    43
Dodge: Dodged            |     1 |    25 |     7 ||    33
Block: Shield            |     3 |    40 |    10 ||    53
